 Dungeon Crawl Stone Soup version 0.28-a0-1152-g9c71ebef14 (webtiles) character file.

Game seed: 17037513410954418131

2 spaghetti the Sneak (level 1, 0/16 HPs)
             Began as an Octopode Delver on Dec 14, 2021.
             Slain by an orc (3 damage)
             ... on level 4 of the Dungeon.
             The game lasted 00:00:31 (84 turns).

spaghetti the Sneak (Octopode Delver)                 Turns: 84, Time: 00:00:32

Health: 0/16       AC:  1    Str: 11    XL:     1   Next: 30%
Magic:  1/1        EV: 13    Int: 12    God:
Gold:   15         SH:  0    Dex: 13    Spells: 0/0 levels left

rFire   . . .      SeeInvis .   a - +0 short sword {short}
rCold   . . .      Faith    .   (no shield)
rNeg    . . .      Spirit   .   (helmet restricted)
rPois   .          Reflect  .   (no amulet)
rElec   .          Harm     .   (no ring)
rCorr   .          Rampage  .   (no ring)
Will    .....                   (no ring)
Stlth   ++++......              (no ring)
HPRegen 0.05/turn               (no ring)
MPRegen 0.07/turn               (no ring)
                                (no ring)
                                (no ring)

@: no status effects
A: almost no armour, amphibious, 8 rings, camouflage 1, gelatinous body 1,
(nimble swimmer 1), tentacles
a: no special abilities


You were on level 4 of the Dungeon.
You visited 1 branch of the dungeon, and saw 2 of its levels.

You collected 15 gold pieces.


Innate Abilities, Weirdness & Mutations

You cannot wear most types of armour.
You are amphibious.
You can wear up to eight rings at the same time.
Your skin changes colour to match your surroundings (Stealth+).
Your rubbery body absorbs attacks. (AC +1, EV +1)
((You are camouflaged near water. (Stealth+)))
You have tentacles for arms and can constrict up to eight enemies at once.


   Skills:
 - Level 3.0 Fighting
 - Level 2.0 Short Blades
 - Level 2.0 Dodging
 + Level 6.7 Stealth


You couldn't memorise any spells.
You didn't know any spells.
Your spell library was empty.

Inventory:

Hand Weapons
 a - a +0 short sword (weapon) {short}
Wands
 f - a wand of digging (2)
Scrolls
 b - a scroll of fog
 c - a scroll of magic mapping {!r}
Potions
 e - a potion of haste {@q3}

Dungeon Overview and Level Annotations

Branches:
Dungeon (5/15)
 Temple: D:4-7

Altars:

### # #.# ### #.
#.###o## #.#
##o....@#
#.######.######.#
#..#....#######..#
##............#..#
###................#
#...................
...#.................
..#..................
.##................


You could see an orc priest and an orc.


Message History

🤖 Initializing magus.rc ...
Options error: Delay interrupt name "hungry" not recognised. (~/.crawlrc:4771) ✅ Successfully initialized magus.rc [v1.9.6] Welcome, spaghetti the Octopode Delver.
It is said that the Orb of Zot exists deep within this dungeon.
Press ? for a list of commands and other information.
Found a ring mail.
Found a stone staircase leading down and a stone staircase leading up.
Unknown command.
There is a stone staircase leading up here.
An orc and an orc priest come into view.
There is a stone staircase leading up here.
The orc priest shouts!
The orc priest looks encouraged for a moment.
You climb upwards.
There is a stone staircase leading down here.
Unknown command.
Unknown command.
You now have 15 gold pieces.
An orc comes into view. It is wielding a +0 falchion.
An orc comes into view. It is wielding a +0 short sword.
An orc priest comes into view. It is wielding a +0 hand axe.
The orc barely misses you.
You hit the orc. Your grab misses the orc. The orc misses you.
You hit the orc. You grab the orc. You constrict the orc.
The orc hits you with a +0 falchion. 😕 HP[-1]
You take 1 damage, and now have 15/16 hp.
You hit the orc.
You kill the orc!
The orc shouts!
The orc priest shouts!
The orc priest calls down the wrath of Beogh upon you.
Beogh smites you!
Ouch! That really hurt!
* * * LOW HITPOINT WARNING * * *
You see here a +0 falchion {long}. 😱 HP[-14]
You take 14 damage, and now have 1/16 hp.
MASSIVE DAMAGE!! (PAUSE) Unknown command.
Okay, then.
There is a stone staircase leading down here.
You climb downwards.
An orc comes into view. It is wielding a +0 hand axe.
A hound zombie comes into view.
There is a stone staircase leading up here. 😱 HP[+1] Unknown command.
Unknown command.
Okay, then.
Aiming: Dig
Press: ? - help, Shift-Dir - straight line A rock wall.
The rock shatters into small pieces.
Okay, then.
Okay, then.
As you read the scroll of fear, it crumbles to dust.
You assume a fearsome visage.
The orc priest looks frightened! 😱 HP[+1]
There is a stone staircase leading up here.
You climb upwards.
The orc hits you with a +0 short sword.
You die...

Action                   || total
-------------------------++-------
Melee: Short sword       ||     3
       Constrict         ||     1
Evoke: Wand              ||     1
  Use: Scroll            ||     1
Dodge: Dodged            ||     2

Levels and vault maps discovered:
D:4:      layout_layer_cave, overflow_temple_1_default, serial_shops, shop,
          wad_orctagon, uniq_duvessa
D:5:      layout_basic, minmay_temple_entry_tees,
          gammafunk_ghost_abyssal_escape, serial_shops,
          nicolae_shop_behind_doors, kennysheep_nub

Notes
Turn   | Place    | Note
-------+----------+-------------------------------------------
     0 | D:5      | spaghetti the Octopode Delver began the quest for the Orb.
     0 | D:5      | Reached XP level 1. HP: 16/16 MP: 1/1
     0 | D:5      | magus.rc [v1.9.6]
    14 | D:5      | Noticed an orc priest
    41 | D:4      | Noticed an orc priest
    45 | D:4      | HP: 1/16 [orc priest/divine providence (14)]
    84 | D:4      | Slain by an orc

Vanquished Creatures
  An orc (D:4)
1 creature vanquished.

Table legend:
 A = Non-vault XP
 B = Vault XP
 C = Vault XP percentage of total XP
 D = Non-vault monster count
 E = Vault monster count
 F = Vault count percentage of total count
                 A         B        C        D         E       F
            +---------+---------+-------+---------+---------+-------
      Total |       3 |       0 |   0.0 |       1 |       0 |   0.0
            +---------+---------+-------+---------+---------+-------
        D:4 |       3 |       0 |   0.0 |       1 |       0 |   0.0
            +---------+---------+-------+---------+---------+-------

Illustrated notes

Table legend:
 A = Kills in this place as a percentage of kills in entire the game.
 B = Kills by you in this place as a percentage of kills by you in the entire game.
 C = Kills by friends in this place as a percentage of kills by friends in the entire game.
 D = Other kills in this place as a percentage of other kills in the entire game.
 E = Experience gained in this place as a percentage of experience gained in the entire game.
 F = Experience gained in this place divided by the number of levels of this place that you have seen.
                   A       B       C       D       E      F
               +-------+-------+-------+-------+-------+----------------------
         Total | 100.0 | 100.0 |   N/A |   N/A | 100.0 |   1.5
       Dungeon | 100.0 | 100.0 |   N/A |   N/A | 100.0 |   1.5
               +-------+-------+-------+-------+-------+----------------------

Table legend: (Time is in decaauts)
 A = Elapsed time spent in this place.
 B = Non-inter-level travel time spent in this place.
 C = Inter-level travel time spent in this place.
 D = Time resting spent in this place.
 E = Time spent auto-exploring this place.
 F = Levels seen in this place.
 G = Mean time per level.
                   A        B        C        D        E       F      G
               +--------+--------+--------+--------+--------+-----+--------+
         Total |     84 |     84 |      0 |      0 |     32 |   2 |   42.0 |
       Dungeon |     84 |     84 |      0 |      0 |     32 |   2 |   42.0 |
               +--------+--------+--------+--------+--------+-----+--------+

Top non-repeatable levels by time:
     D:5: 43 daAuts
     D:4: 40 daAuts
